 Dungeon Crawl Stone Soup version 0.31-a0-496-g6f97920a28 (webtiles) character file.

Game seed: 17943794748842703358

20 AstroCodex24 the Shield-Bearer (level 2, 0/23 HPs)
             Began as a Vampire Fighter on Aug 8, 2023.
             Succumbed to an adder's poison
             ... on level 3 of the Dungeon.
             The game lasted 00:00:49 (179 turns).

AstroCodex24 the Shield-Bearer (Vampire Fighter)     Turns: 179, Time: 00:00:50

Health: 0/23       AC:  7    Str: 15    XL:     2   Next: 58%
Magic:  2/2        EV:  8    Int: 10    God:
Gold:   12         SH:  4    Dex: 13    Spells: 1/1 levels left

rFire   . . .        a - +0 war axe
rCold   . . .        c - +0 buckler
rNeg    . . .        b - +0 scale mail
rPois   .            (no helmet)
rElec   .            e - +0 cloak
rCorr   .            (no gloves)
SInv    +            (no boots)
Will    .....        (no amulet) Stlth
                     (no ring)
HPRegen 0.43/turn    (no ring)
MPRegen 0.08/turn

%: no passive effects
@: lethally poisoned (0 -> -7), healing quickly
A: alive, fangs 3, see invisible, vampiric 1
a: Exsanguinate


You were on level 3 of the Dungeon.
You visited 1 branch of the dungeon, and saw 3 of its levels.

You collected 12 gold pieces.

Inventory:

Hand Weapons
 a - a +0 war axe (weapon)
Armour
 b - a +0 scale mail (worn)
 c - a +0 buckler (worn)
 e - a +0 cloak (worn)
Scrolls
 f - a scroll of identify {unknown}
Potions
 d - a potion of might


   Skills:
 + Level 2.9 Fighting
 + Level 1.8 Axes
 + Level 2.7 Armour
 + Level 3.0 Shields


You had one spell level left.
You didn't know any spells.
Your spell library was empty.

Dungeon Overview and Level Annotations

Branches:
Dungeon (3/15)

Altars:

Annotations:
D:3 Grinder


Innate Abilities, Weirdness & Mutations

Your natural rate of healing is accelerated.
You have razor-sharp teeth.
You have supernaturally acute eyesight. (SInv)
You are afflicted with vampirism.


Message History

The adder bites you but does no damage.
You barely miss the kobold. You closely miss the adder.
You feel sick. The adder bites you.
Grinder says, "Wait up."
Grinder blinks!
You block the kobold's attack. The adder barely misses you.
The kobold hits you but does no damage.
You hit the kobold but do no damage. You hit the adder.
You feel sick.
You are no longer poisoned.
A bat comes into view.
The adder bites you. The adder barely misses you.
The kobold hits you but does no damage.
The bat moves out of view.
You closely miss the kobold. You barely miss Grinder.
You closely miss the adder. The adder barely misses you.
Grinder gestures at you.
You barely resist.
The kobold hits you with a +0 short sword.
The adder bites you but does no damage.
An orc comes into view. It is wielding a +0 whip.
The kobold hits you with a +0 short sword.
Grinder hits you but does no damage. The kobold attacks as you move away!
The kobold hits you with a +0 short sword.
You miss the adder.
The adder is severely wounded.
The orc shouts!
The adder bites you but does no damage. The adder bites you.
You are poisoned.
The adder poisons you!
You completely miss the adder.
The adder is severely wounded.
* * * LOW HITPOINT WARNING * * *
You feel very sick. The adder bites you.
* * * LOW HITPOINT WARNING * * *
You are more poisoned.
The adder poisons you! You block the adder's attack.
An endoplasm comes into view.
You closely miss the adder.
The adder is severely wounded.
You die...

###. .#J##
## .... ..
...#.#####
# .o......
#.#.r...###
#..bK5....#
#S# #..#
#@# #|.#
#.# ..#
#### #.#
#.# ...
#.####.##.#
#..)...)..#
######...##
#......#
#......#
#......#


You could see Grinder, an adder, an orc, an endoplasm (wandering), a bat, a
kobold and a rat.

Vanquished Creatures
  An adder (D:3)
  3 orcs (D:3)
  2 ball pythons
  A kobold (D:1)
  A rat (D:2)
8 creatures vanquished.

Notes
Turn   | Place    | Note
-------+----------+-------------------------------------------
     0 | D:1      | AstroCodex24 the Vampire Fighter began the quest for the
                  | Orb.
     0 | D:1      | Reached XP level 1. HP: 17/17 MP: 1/1
   105 | D:3      | Reached skill level 3 in Shields
   105 | D:3      | Reached XP level 2. HP: 23/23 MP: 2/2
   168 | D:3      | Noticed Grinder
   179 | D:3      | Succumbed to an adder's poison

Illustrated notes

Levels and vault maps discovered:
D:1:      spicycebolla_green_bress_n_ham, layout_basic, serial_curves,
          eino_curves_03, eino_curves_04, minmay_misc_feat_alley,
          hangedman_decor_points
D:2:      layout_rooms, minmay_distorted
D:3:      layout_basic, ebering_ghost_sewer_f, uniq_grinder, uniq_jessica

Skill      XL: |  1 |
---------------+----+-----
Shields        | 3 |  3.0
Fighting       | |  2.9
Axes           | |  1.8
Armour         | |  2.7

Action                     || total
---------------------------++-------
  Melee: War axe           ||    34
         Bite              ||     1
 Armour: Scale mail        ||    22
  Dodge: Dodged            ||    19
  Block: Buckler           ||    13

Table legend: (Time is in decaauts)
 A = Elapsed time spent in this place.
 B = Non-inter-level travel time spent in this place.
 C = Inter-level travel time spent in this place.
 D = Time resting spent in this place.
 E = Time spent auto-exploring this place.
 F = Levels seen in this place.
 G = Mean time per level.
                   A        B        C        D        E       F      G
               +--------+--------+--------+--------+--------+-----+--------+
         Total |    193 |    191 |      2 |      0 |      0 |   3 |   64.3 |
       Dungeon |    193 |    191 |      2 |      0 |      0 |   3 |   64.3 |
               +--------+--------+--------+--------+--------+-----+--------+

Top non-repeatable levels by time:
     D:3: 88 daAuts
     D:1: 68 daAuts
     D:2: 35 daAuts
